AoeStats
← zamithdaniel

Black Forest

508773820Analyzed
2v2 RM · 9d ago on Sep 24, 2026· 52m 46s· 4 players
Game mode
Random Map
Map size
Medium (4 player)
Population
200
Speed
Normal
Resources
Standard
Victory
Conquest
Starting age
Dark Age
Ending age
Imperial Age
RankedLock teamsTeams togetherTeam positionsShared explorationLock speedFull tech treeHidden civsTurbo modeCheats
Victory
Defeat
🇨🇴 Turks · Colombia
945
+18
🇨🇴 Persians · Colombia
875
+21
🇨🇴 Khmer · Colombia
1000
-63
🇦🇷 Koreans · Argentina
975
-19
nicolasur92
0:49 Loom
11:24 Feudal Age
13:57 Fletching
20:48 Double-Bit Axe
22:03 Wheelbarrow
25:38 Castle Age
23:28 Horse Collar
33:03 Bodkin Arrow
38:31 Imperial Age
37:17 Gold Mining
37:40 Bow Saw
40:07 Heavy Plow
41:02 Town Watch
41:35 Hand Cart
41:51 Forging
41:48 Scale Barding Armor
43:02 Scale Mail Armor
43:40 Iron Casting
42:54 Pikeman
43:35 Squires
45:10 Halberdier
49:36 Two-Man Saw
51:29 Conscription
fabianandresrestrepo
11:02 Feudal Age
16:14 Castle Age
34:25 Imperial Age
36:04 Cavalier
36:45 Husbandry
36:55 Bloodlines
zamithdaniel
11:42 Feudal Age
12:57 Double-Bit Axe
18:36 Castle Age
16:47 Horse Collar
22:50 Loom
25:48 Heavy Plow
27:27 Bow Saw
27:11 Stone Mining
27:13 Gold Mining
33:13 Imperial Age
32:25 Wheelbarrow
33:52 Padded Archer Armor
36:53 Hand Cart
40:40 Gold Shaft Mining
40:31 Elite Janissary
41:39 Conscription
42:34 Leather Archer Armor
42:30 Forging
42:26 Scale Barding Armor
44:41 Ballistics
44:31 Fortified Wall
44:45 Bloodlines
44:37 Husbandry
45:20 Ring Archer Armor
45:26 Iron Casting
45:12 Chain Barding Armor
48:25 Blast Furnace
52:30 Plate Barding Armor
51:49 Fletching
52:00 Scale Mail Armor
edwinsy22
0:34 Loom
13:16 Feudal Age
14:13 Man-at-Arms
19:10 Wheelbarrow
25:13 Castle Age
23:04 Horse Collar
23:41 Fletching
23:52 Padded Archer Armor
23:50 Stone Mining
28:29 Gold Mining
29:02 Double-Bit Axe
33:13 Bow Saw
34:04 Kamandaran
34:21 Husbandry
36:58 Imperial Age
34:47 Hand Cart
34:01 Crossbowman
35:51 Gold Shaft Mining
35:29 Caravan
36:20 Thumb Ring
36:50 Cavalier
38:09 Stone Shaft Mining
37:49 Bodkin Arrow
38:09 Leather Archer Armor
38:01 Scale Barding Armor
39:31 Heavy Plow
40:45 Leather Archer Armor
42:07 Savar
48:56 Ring Archer Armor
48:47 Heated Shot
51:47 Two-Man Saw
52:22 Chemistry
51:42 Ballistics
Connection lost

Rejoining the realm…

Still unreachable

The connection could not be restored.

Session expired

The server has moved on; the page needs a fresh start.